 Dungeon Crawl Stone Soup version 0.31-a0-1237-gabc64e778c (webtiles) character file.

Game seed: 4449855334637229916

1152 Darkkill the Shooter (level 8, -1/70 HPs)
             Began as a Minotaur Hunter on Dec 15, 2023.
             Slain by a sleepcap (7 damage)
             ... on level 6 of the Dungeon.
             The game lasted 00:07:43 (4209 turns).

Darkkill the Shooter (Minotaur Hunter)              Turns: 4209, Time: 00:07:43

Health: -1/70      AC:  5    Str: 16    XL:     8   Next: 16%
Magic:  7/7        EV: 15    Int:  6    God:
Gold:   272        SH:  0    Dex: 22    Spells: 7/7 levels left

rFire   . . .        a - +0 orcbow
rCold   . . .        (shield currently unavailable)
rNeg    . . .        c - +0 leather armour
rPois   .            (helmet restricted)
rElec   .            h - +0 cloak
rCorr   .            u - +0 pair of gloves
SInv    .            (no boots)
Will    .....        (no amulet)
Stlth   +++          q - +6 ring of dexterity
HPRegen 0.31/turn    (no ring)
MPRegen 0.10/turn

%: no passive effects
@: no status effects
A: horns 2, retaliatory headbutt
a: no special abilities


You were on level 6 of the Dungeon.
You visited 1 branch of the dungeon, and saw 6 of its levels.

You collected 272 gold pieces.

Inventory:

Hand Weapons
 a - a +0 orcbow (weapon)
 b - a +4 heavy mace
Missiles
 d - 42 stones
 k - 12 poisoned darts
 t - a boomerang
Armour
 c - a +0 leather armour (worn)
 h - a +0 cloak (worn)
 u - a +0 pair of gloves (worn)
Jewellery
 q - a +6 ring of dexterity (left hand)
Wands
 l - a wand of digging (5)
Scrolls
 o - 2 scrolls of vulnerability
Potions
 f - 2 potions of mutation
 g - 2 potions of magic
 i - a potion of berserk rage {unknown}
 m - a potion of enlightenment {unknown}
 p - a potion of attraction {unknown}
 r - a potion of lignification {unknown}
 s - a potion of resistance {unknown}
 w - a potion of might {unknown}
 x - a potion of ambrosia {unknown}


   Skills:
 + Level 6.2 Fighting
 + Level 6.9 Ranged Weapons
 + Level 5.7 Dodging
 + Level 4.3 Stealth


You had 7 spell levels left.
You didn't know any spells.
Your spell library contained the following spells:

 Spells                   Type           Power      Damage    Failure   Level
 Summon Small Mammal      Summ           0%         N/A       52%         1
 Call Canine Familiar     Summ           0%         N/A       88%         3
 Summon Guardian Golem    Hex/Summ       0%         N/A       88%         3


Dungeon Overview and Level Annotations

Branches:
Dungeon (6/15)             Temple (0/1) D:5

Altars:
Ashenzari
Dithmenos
Kikubaaqudgha
Zin
The Shining One

Annotations:
D:3 1 runed translucent door, Crazy Yiuf


Innate Abilities, Weirdness & Mutations

You have a pair of horns on your head.
You reflexively headbutt those who attack you in melee.


Message History

The orc warrior is almost dead.
The orc warrior closely misses you.
Fire: a) +0 orcbow
Press: ? - help, Q - select action, (/) - cycle Shift-Dir - straight line, f/p - orc warrior
Aim: an orc warrior, wielding a +0 trident and wearing a +0 plate armour (almost dead, 64% to hit)
You shoot an arrow.
The arrow hits the orc warrior but does no damage.
The orc warrior is almost dead.
The orc warrior hits you from afar with a +0 trident!
A centaur comes into view.
The orc warrior hits you but does no damage.
Fire: a) +0 orcbow
Press: ? - help, Q - select action, (/) - cycle Shift-Dir - straight line, f/p - orc warrior
Aim: an orc warrior, wielding a +0 trident and wearing a +0 plate armour (almost dead, 64% to hit)
You shoot an arrow. The centaur shouts!
The arrow hits the orc warrior.
The orc warrior is almost dead.
The centaur wields a +0 shortbow.
The centaur shoots an arrow.
The arrow closely misses you.
The centaur shoots an arrow.
The arrow misses you.
The orc warrior hits you from afar with a +0 trident!
* * * LOW HITPOINT WARNING * * *
Fire: a) +0 orcbow
Press: ? - help, Q - select action, (/) - cycle Shift-Dir - straight line, f/p - orc warrior
Aim: an orc warrior, wielding a +0 trident and wearing a +0 plate armour (almost dead, 64% to hit)
You shoot an arrow. The arrow hits the orc warrior.
You kill the orc warrior!
The centaur shoots an arrow.
The arrow hits you!
* * * LOW HITPOINT WARNING * * *
Fire: a) +0 orcbow
Press: ? - help, Q - select action, (/) - cycle Shift-Dir - straight line, f - centaur
Aim: a centaur, wielding a +0 shortbow (74% to hit)
You shoot an arrow.
The arrow hits the centaur but does no damage.
The centaur shoots an arrow.
The arrow hits you.
* * * LOW HITPOINT WARNING * * *
Unknown command.
Fire: a) +0 orcbow
Press: ? - help, Q - select action, (/) - cycle Shift-Dir - straight line, f/p - centaur
Aim: a centaur, wielding a +0 shortbow (74% to hit)
You shoot an arrow. The arrow hits the centaur!
The centaur is severely wounded.
The centaur shoots an arrow.
The arrow closely misses you.
The centaur shoots an arrow.
The arrow misses you.
You feel better.
The centaur shoots an arrow.
The arrow hits you.
* * * LOW HITPOINT WARNING * * *
The centaur shoots an arrow.
The arrow hits you!
* * * LOW HITPOINT WARNING * * *
Read: 2 scrolls of butterflies
Press: ? - help, Q - select action, (/) - cycle Dir - look around, f - activate Look: a centaur, wielding a +0 shortbow (severely wounded)
As you read the scroll of butterflies, it crumbles to dust.
You hear the flapping of tiny wings.
You swap places.
The centaur unwields a +0 shortbow.
The centaur closely misses your butterfly.
The centaur completely misses your butterfly.
You swap places.
The centaur closely misses your butterfly.
The centaur completely misses your butterfly. x2
The centaur closely misses your butterfly.
You swap places.
You swap places.
You hear the rusting of a very distant drain.
Your butterfly disappears in a burst of colours!
The centaur wields a +0 shortbow.
The centaur shoots an arrow.
The arrow closely misses you.
The centaur shoots an arrow.
The arrow hits you!
* * * LOW HITPOINT WARNING * * *
The centaur shoots an arrow.
The arrow barely misses you.
Read: scroll of butterflies
Press: ? - help, Q - select action, (/) - cycle Dir - look around, f - activate Look: a centaur, wielding a +0 shortbow (heavily wounded)
As you read the scroll of butterflies, it crumbles to dust.
You hear the flapping of tiny wings.
The centaur unwields a +0 shortbow.
The centaur hits your butterfly.
Your butterfly dies!
Your butterfly disappears in a burst of colours!
As you read the scroll of teleportation, it crumbles to dust.
You feel strangely unstable.
You swap places.
You swap places.
You swap places.
Your surroundings suddenly seem different.
A sleepcap comes into view.
Your butterfly disappears in a burst of colours!
Something bites your butterfly.
Your butterfly dies!
Your butterfly disappears in a burst of colours!
A black bear comes into view.
Your butterfly disappears in a burst of colours!
The sleepcap barely misses you.
You shoot an arrow.
The arrow hits the sleepcap but does no damage.
Your butterfly disappears in a burst of colours!
The sleepcap completely misses you.
You shoot an arrow. The arrow hits the sleepcap!
The sleepcap is moderately damaged.
The sleepcap releases spores at you!
You die...

#.........b..#.####
#..........b.#.#...
####.........b.b#[#.#.
#............b..#.#.#.
#..b....b....b..#.#...
#...............#.###.
#..b..b...... #.....
#......###.## ######
#####@## # #f# # ... .
..... # ...b..# .
...b...# # ........#
..........


You could see a sleepcap.

Vanquished Creatures
  Menkaure (D:5)
  An orc warrior (D:6)
  An ice beast (D:5)
  A black bear (D:5)
  2 ogres (D:5)
  A centaur (D:5)
  A phantom (D:5)
  3 jellies (D:5)
  2 hounds
  An orc priest (D:4)
  Terence (D:3)
  An iguana (D:6)
  2 orc wizards (D:4)
  3 adders
  A shadow imp (D:5)
  3 worms (D:3)
  3 dart slugs
  15 orcs
  7 bats
  7 endoplasms
  2 giant cockroaches
  10 goblins
  2 hobgoblins
  12 jackals
  4 quokkas
  4 ball pythons
  4 frilled lizards
  3 kobolds (D:2)
  7 rats
105 creatures vanquished.

Notes
Turn   | Place    | Note
-------+----------+-------------------------------------------
     0 | D:1      | Darkkill the Minotaur Hunter began the quest for the Orb.
     0 | D:1      | Reached XP level 1. HP: 18/18 MP: 0/0
    17 | D:1      | Found a faded altar of an unknown god.
    72 | D:1      | Reached skill level 1 in Stealth
   124 | D:1      | Reached XP level 2. HP: 25/25 MP: 1/1
   172 | D:1      | You fall into a shaft and drop 1 floor!
   505 | D:2      | Reached XP level 3. HP: 30/31 MP: 2/2
  1291 | D:3      | Noticed Terence
  1294 | D:3      | Killed Terence
  1295 | D:3      | Reached XP level 4. HP: 38/38 MP: 3/3
  1500 | D:3      | Reached skill level 5 in Ranged Weapons
  1609 | D:3      | Found a runed translucent door.
  1610 | D:3      | Noticed Crazy Yiuf
  1766 | D:3      | Found a glowing silver altar of Zin.
  2099 | D:4      | Reached XP level 5. HP: 46/46 MP: 4/4
  2127 | D:4      | Found a broken altar of Ashenzari.
  2129 | D:4      | Found an ancient bone altar of Kikubaaqudgha.
  2129 | D:4      | Found a glowing golden altar of the Shining One.
  2725 | D:5      | Entered Level 5 of the Dungeon
  2806 | D:5      | Noticed a black bear
  2810 | D:5      | Noticed Menkaure
  2845 | D:5      | Killed a black bear
  2846 | D:5      | Reached XP level 6. HP: 53/53 MP: 5/5
  2989 | D:5      | Noticed an ice beast
  3002 | D:5      | Killed an ice beast
  3003 | D:5      | Reached skill level 5 in Fighting
  3003 | D:5      | Reached XP level 7. HP: 48/61 MP: 6/6
  3034 | D:5      | Reached skill level 5 in Dodging
  3242 | D:5      | Killed Menkaure
  3348 | D:5      | Reached XP level 8. HP: 48/70 MP: 7/7
  3544 | D:5      | Found a staircase to the Ecumenical Temple.
  3650 | D:5      | Found a shadowy altar of Dithmenos.
  4174 | D:6      | HP: 11/70 [centaur/arrow (10)]
  4177 | D:6      | HP: 4/70 [centaur/arrow (11)]
  4200 | D:6      | HP: 3/70 [centaur/arrow (8)]
  4209 | D:6      | Slain by a sleepcap

Illustrated notes

Levels and vault maps discovered:
D:1:      dpeg_arrival_arbitrary_a, layout_basic,
          dreamdust_ecumenical_altar_grove
D:2:      layout_loops_corners
D:3:      layout_basic, mainiacjoe_overflow_24_doors, uniq_terence,
          uniq_crazy_yiuf_cottage
D:4:      layout_rooms, nicolae_overflow_hidden_temple
D:5:      layout_loops_ring, nicolae_dithmenos_through_a_glass_darkly,
          minmay_temple_entry_metal_lava, uniq_menkaure
D:6:      minmay_recursive_quarters, layout_basic,
          nicolae_overflow_crystal_walls, gup_sewer_entry_glass, uniq_edmund,
          uniq_pikel

Skill      XL: |  1  2  3  4  5  6  7 |
---------------+----------------------+-----
Stealth        | 1 2 3 4 |  4.3
Fighting       | 3 4 5 6 |  6.2
Dodging        | 3 4 5 |  5.7
Ranged Weapons | 5 6 |  6.9

Action                     |  1- 3 |  4- 6 |  7- 9 || total
---------------------------+-------+-------+-------++-------
   Fire: Shortbow          |    80 |   172 |    26 ||   278
         Orcbow            |       |       |    53 ||    53
    Use: Scroll            |     5 |     6 |     5 ||    16
         Potion            |       |     1 |     2 ||     3
 Armour: Leather armour    |    11 |    47 |    33 ||    91
  Dodge: Dodged            |    14 |    63 |    48 ||   125

Table legend: (Time is in decaauts)
 A = Elapsed time spent in this place.
 B = Non-inter-level travel time spent in this place.
 C = Inter-level travel time spent in this place.
 D = Time resting spent in this place.
 E = Time spent auto-exploring this place.
 F = Levels seen in this place.
 G = Mean time per level.
                   A        B        C        D        E       F      G
               +--------+--------+--------+--------+--------+-----+--------+
         Total |   4266 |   3891 |    375 |     45 |   3125 |   6 |  711.0 |
       Dungeon |   4266 |   3891 |    375 |     45 |   3125 |   6 |  711.0 |
               +--------+--------+--------+--------+--------+-----+--------+

Top non-repeatable levels by time:
     D:5: 1309 daAuts
     D:2: 858 daAuts
     D:3: 766 daAuts
     D:4: 737 daAuts
     D:1: 429 daAuts
     D:6: 164 daAuts

Levels and vault maps discovered:
D:1:      dpeg_arrival_arbitrary_a, layout_basic,
          dreamdust_ecumenical_altar_grove
D:2:      layout_loops_corners
D:3:      layout_basic, mainiacjoe_overflow_24_doors, uniq_terence,
          uniq_crazy_yiuf_cottage
D:4:      layout_rooms, nicolae_overflow_hidden_temple
D:5:      layout_loops_ring, nicolae_dithmenos_through_a_glass_darkly,
          minmay_temple_entry_metal_lava, uniq_menkaure
D:6:      minmay_recursive_quarters, layout_basic,
          nicolae_overflow_crystal_walls, gup_sewer_entry_glass, uniq_edmund,
          uniq_pikel

Table legend: (Time is in decaauts)
 A = Elapsed time spent in this place.
 B = Non-inter-level travel time spent in this place.
 C = Inter-level travel time spent in this place.
 D = Time resting spent in this place.
 E = Time spent auto-exploring this place.
 F = Levels seen in this place.
 G = Mean time per level.
                   A        B        C        D        E       F      G
               +--------+--------+--------+--------+--------+-----+--------+
         Total |   4266 |   3891 |    375 |     45 |   3125 |   6 |  711.0 |
       Dungeon |   4266 |   3891 |    375 |     45 |   3125 |   6 |  711.0 |
               +--------+--------+--------+--------+--------+-----+--------+

Top non-repeatable levels by time:
     D:5: 1309 daAuts
     D:2: 858 daAuts
     D:3: 766 daAuts
     D:4: 737 daAuts
     D:1: 429 daAuts
     D:6: 164 daAuts

Table legend:
 A = Kills in this place as a percentage of kills in the entire game.
 B = Kills by you in this place as a percentage of kills by you in the entire game.
 C = Kills by friends in this place as a percentage of kills by friends in the entire game.
 D = Other kills in this place as a percentage of other kills in the entire game.
 E = Experience gained in this place as a percentage of experience gained in the entire game.
 F = Experience gained in this place divided by the number of levels of this place that you have seen.
                   A       B       C       D       E      F
               +-------+-------+-------+-------+-------+----------------------
         Total | 100.0 | 100.0 |   N/A |   N/A | 100.0 | 274.3
       Dungeon | 100.0 | 100.0 |   N/A |   N/A | 100.0 | 274.3
               +-------+-------+-------+-------+-------+----------------------
